Cogmind - Beta 14 @@@ ROGUE MODE // 2024.08.24 @ 19:34:44 Player: Schmee Result: Destroyed by XN-JKL(R) with Subdweller Shrapnel Launcher Performance ------------- Evolutions (0) 0 Regions Visited (2) 400 Robots Destroyed (24) 120 Value Destroyed (533) 533 Prototype IDs (2) 40 Alien Tech Used (0) 0 Bonus (0) 0 TOTAL SCORE: 1093 Bonus ------- None Cogmind --------- Core Integrity 0/250 Matter 95/300 Energy 200/200 System Corruption 0% Temperature Cool (0) Movement Rolling (105) Location -10/Subcaves Parts ------- > --- POWER (1) -------- Subdweller Power Source > --- PROPULSION (2) --- Compact Wheel Subdweller Monowheel > --- UTILITY (2) ------ Large Storage Unit > --- WEAPON (2) ------- (None) > --- INVENTORY (15) --- Aluminum Leg Heat Sink Huge Storage Unit Medium Matter Pod (15) Structural Scanner Improved Terrain Scanner Weapon Shielding Hacking Suite Battle Cannon Grenade Launcher Mining Laser Peak State ------------ > --- POWER ------------ Subdweller Power Source > --- PROPULSION ------- Compact Wheel Subdweller Monowheel > --- UTILITY ---------- Large Storage Unit Seismic Detector > --- WEAPON ----------- Light Cannon Battle Cannon > --- INVENTORY -------- Aluminum Leg Heat Sink Huge Storage Unit Medium Matter Pod Structural Scanner Improved Terrain Scanner Weapon Shielding Hacking Suite Grenade Launcher Grenade Launcher Mining Laser [Rating: 11] Favorites ----------- Power Ion Engine Engine Ion Engine Propulsion Light Treads Treads Light Treads Leg Aluminum Leg Wheel Compact Wheel Utility Large Storage Unit Device Seismic Detector Storage Large Storage Unit Protection Weapon Shielding Weapon Light Assault Rifle Ballistic Gun Light Assault Rifle Ballistic Cannon Light Cannon Launcher Grenade Launcher Special Weapon Mining Laser Build | -11 -10 -10 ------- Run | Yrd Mat Sub Slots Evolved . | . . . Power . | . . . Propulsion . | . . . Utility . | . . . Weapon . | . . . Parts Attached 30 | . 12 18 Power 3 | . 1 2 Engine 3 | . 1 2 Core . | . . . Reactor . | . . . Propulsion 6 | . 3 3 Treads 4 | . 3 1 Leg . | . . . Wheel 2 | . . 2 Hover . | . . . Flight . | . . . Utility 5 | . 2 3 Device 3 | . . 3 Storage 1 | . 1 . Processor . | . . . Hackware . | . . . Protection 1 | . 1 . Artifact . | . . . Weapon 16 | . 6 10 Energy Gun . | . . . Energy Cannon . | . . . Ballistic Gun 2 | . 2 . Ballistic Cannon 8 | . 2 6 Launcher 4 | . 1 3 Special Weapon 2 | . 1 1 Impact Weapon . | . . . Slashing Weapon . | . . . Piercing Weapon . | . . . Special Melee Weapon . | . . . Unidentified Prototypes . | . . . Parts Lost 12 | . 1 11 Power 3 | . 1 2 Propulsion 3 | . . 3 Utility 1 | . . 1 Weapon 5 | . . 5 Highest Loss Streak 3 | . 1 3 To Critical Strikes . | . . . Average Slot Usage (%) 96 | . 98 91 Engine 12 | . 14 10 Treads 23 | . 26 18 Wheel 2 | . . 5 Device 5 | . . 14 Storage 21 | . 25 14 Protection 1 | . 1 . Ballistic Gun 13 | . 21 . Ballistic Cannon 13 | . 5 26 Peak Build Rating 11 | 7 8 11 Average Rating 7 | 6 7 8 On Entrance 7 | 6 7 8 Naked Turns . | . . . Heaviest Build 36 | 10 36 32 Greatest Support 40 | 20 40 40 Greatest Overweight (x) 1 | . 1 1 Average Overweight (x) . | . . . Largest Inventory Capacity 15 | 8 15 15 Average Capacity 14 | 8 14 15 Most Carried 15 | 8 15 15 Average Carried 12 | 7 13 13 Final Capacity 15 | 8 15 15 Final Carried 15 | 8 15 11 Class Distribution -------------------- 100% | Mutant Dominant Class ---------------- Mutant | -10/Materials Mutant | -10/Subcaves Resources | -11 -10 -10 ----------- Run | Yrd Mat Sub Matter Collected 628 | 216 267 145 Remotely . | . . . Salvage Created 564 | 107 325 132 Parts 52 | 10 28 14 Haulers Intercepted 1 | . 1 . Recyclers Shooed . | . . . Parts Field Recycled . | . . . Retrieved Matter . | . . . Parts Self-Destructed 15 | . . 15 Prevented . | . . . Kills | -11 -10 -10 ------- Run | Yrd Mat Sub Combat Hostiles Destroyed 16 | . 7 9 Guns 4 | . 4 . Cannons 6 | . 3 3 AOE 6 | . . 6 Classes Destroyed 8 | 2 5 1 Builder 1 | . 1 . Tunneler 3 | 2 1 . Hauler 1 | . 1 . Recycler 1 | 1 . . Operator 2 | . 2 . Swarmer 5 | . 1 4 Grunt 6 | . 6 . Subdweller 5 | . . 5 Best Kill Streak 6 | 2 6 4 Combat Bots Only 4 | . 3 4 Max Kills in Single Turn 4 | 1 2 4 Gunslinging . | . . . Exploded 4 | . . 4 Melee . | . . . Uniques/NPCs Destroyed . | . . . Combat | -11 -10 -10 -------- Run | Yrd Mat Sub Hostile Shots Fired 102 | . 34 68 Missed 33 | . 7 26 Damage Taken 1492 | . 294 1198 Core 262 | . 43 219 Absorbed by Shields . | . . . Core Remaining (%) 100 | 100 . . Volleys Fired 70 | 8 33 29 Largest 2 | 2 2 2 Hottest 100 | 40 100 100 Shots Fired 125 | 16 64 45 Gun 60 | 16 44 . Cannon 53 | . 18 35 Launcher 9 | . 1 8 Special 3 | . 1 2 Kinetic 113 | 16 62 35 Thermal 3 | . 1 2 Explosive 9 | . 1 8 Electromagnetic . | . . . Robot Hit Streak 6 | 4 6 6 Robot Miss Streak 7 | 1 7 5 Penetration Max . | . . . Secondary Targets 1 | . 1 . Max Gunslinging Chain 1 | . 1 . Shots Hit Robots 72 | 10 36 26 Core Hits 41 | 7 19 15 Critical Kills . | . . . Critical Parts Destroyed . | . . . Critical Strikes . | . . . Melee Attacks . | . . . Impact . | . . . Slashing . | . . . Piercing . | . . . Sneak Attacks . | . . . Combat Hostiles . | . . . Follow-up Attacks . | . . . Damage Inflicted 1514 | 73 560 881 Guns 297 | 73 224 . Cannons 570 | . 213 357 Explosions 631 | . 107 524 Melee . | . . . Ramming 16 | . 16 . Kinetic 867 | 73 437 357 Thermal . | . . . Explosive 631 | . 107 524 Electromagnetic . | . . . Impact . | . . . Slashing . | . . . Piercing . | . . . Highest Corruption . | . . . Average Corruption . | . . . Corruption Purged . | . . . Corruption Blocked . | . . . Overload Shots . | . . . Overflow Damage 32 | . . 32 Projectiles . | . . . Explosions 32 | . . 32 Melee . | . . . Knockbacks 3 | . 3 . Impact . | . . . Kinetic 3 | . 3 . Secondary . | . . . Self-Inflicted Damage 56 | . . 56 Shots 2 | . . 2 Rammed 3 | . 3 . Targets Rammed 3 | . 3 . Kicked . | . . . Crushed . | . . . Highest Temperature 78 | . 78 . Average Temperature 21 | . 21 . Received Heat Transfer 264 | . 150 114 Siege Activations . | . . . Robots Corrupted . | . . . Combat Hostiles . | . . . Parts Fried . | . . . Impact Corruptions . | . . . Robots Melted . | . . . Combat Hostiles . | . . . Parts Melted . | . . . Heat Transferred . | . . . Parts Sabotaged . | . . . Parts Stolen . | . . . Parts Stripped . | . . . Power Chain Reactions . | . . . Alert | -11 -10 -10 ------- Run | Yrd Mat Sub Peak Influence 157 | 15 157 . Initial 9 | . 9 . Average 60 | 10 67 . Maximum Alert Level . | . . . Low Security (%) 100 | 100 100 . Level 1 . | . . . Level 2 . | . . . Level 3 . | . . . Level 4 . | . . . Level 5 . | . . . High Security . | . . . Max Security . | . . . Squads Dispatched 1 | . 1 . Investigation 1 | . 1 . Extermination . | . . . Reinforcement . | . . . Assault . | . . . Garrison . | . . . Intercept . | . . . Searches Triggered . | . . . Construction Impeded . | . . . Haulers Reinforced . | . . . Active Scanning Responses . | . . . Cargo Convoy Interrupts . | . . . Stealth | -11 -10 -10 --------- Run | Yrd Mat Sub Distress Signals 2 | . 2 . Communications Jammed . | . . . Distress Signals . | . . . Times Spotted 35 | . 19 16 Peak Tracking Total 6 | . 4 6 Tactical Retreats 2 | . . 2 Traps | -11 -10 -10 ------- Run | Yrd Mat Sub Traps Triggered . | . . . Indirectly . | . . . Trap Hack Attempts . | . . . Triggered . | . . . Disarmed . | . . . Reprogrammed . | . . . Reused . | . . . Traps Extracted . | . . . Installed . | . . . Triggered . | . . . Machines | -11 -10 -10 ---------- Run | Yrd Mat Sub Machines Disabled . | . . . Max in Single Turn . | . . . Machines Repaired . | . . . Machines Dismantled . | . . . Machines Sabotaged . | . . . Overloaded Fab Kills . | . . . Hacking | -11 -10 -10 --------- Run | Yrd Mat Sub Machines Accessed 5 | . 5 . Terminals 5 | . 5 . Fabricators . | . . . Repair Stations . | . . . Recycling Units . | . . . Scanalyzers . | . . . Garrison Access . | . . . Total Hacks 17 | . 17 . Successful 13 | . 13 . Failed 4 | . 4 . Catastrophic 1 | . 1 . Database Lockouts . | . . . Manual 13 | . 13 . Terminals 17 | . 17 . Fabricators . | . . . Repair Stations . | . . . Recycling Units . | . . . Scanalyzers . | . . . Garrison Access . | . . . Terminal Hacks 11 | . 11 . Part Schematic 2 | . 2 . Robot Analysis 4 | . 4 . Prototype ID Bank 1 | . 1 . Terminal Index 1 | . 1 . Locate Traps 1 | . 1 . Maintenance Status 1 | . 1 . Hauler Manifests 1 | . 1 . Fabricator Hacks . | . . . Repair Station Hacks . | . . . Recycling Unit Hacks . | . . . Scanalyzer . | . . . Garrison Access Hacks . | . . . Unauthorized Hacks 2 | . 2 . Terminals 2 | . 2 . Botnet 2 | . 2 . Fabricators . | . . . Repair Stations . | . . . Recycling Units . | . . . Scanalyzers . | . . . Garrison Access . | . . . Data Cores Recovered 2 | . 2 . Used . | . . . Hacking Detections 3 | . 3 . Full Trace Events 1 | . 1 . Feedback Events . | . . . Feedback Blocked . | . . . Robot Schematics Acquired . | . . . Robots Built . | . . . Authchips . | . . . Time . | . . . Total Robot Build Rating . | . . . Part Schematics Acquired 2 | . 2 . Parts Built . | . . . Authchips . | . . . Time . | . . . Total Part Build Rating . | . . . Parts Repaired . | . . . Time . | . . . Parts Recycled . | . . . Recycled Matter . | . . . Retrieved Matter . | . . . Retrieved Components . | . . . Parts Scanalyzed . | . . . Part Schematics Acquired . | . . . Parts Damaged . | . . . Bothacking | -11 -10 -10 ------------ Run | Yrd Mat Sub Used RIF Installer . | . . . Robots Hacked . | . . . Non-combat . | . . . Combat . | . . . Robot Hacks Applied . | . . . Relay Couplers Released . | . . . Fabnet Peak Effective % . | . . . Robots Rewired . | . . . Allies Hacked . | . . . Hacks Repelled . | . . . Allies | -11 -10 -10 -------- Run | Yrd Mat Sub Total Allies . | . . . Largest Group . | . . . Highest-Rated Group . | . . . Highest-Rated Ally . | . . . Total Orders . | . . . Ally Attacks . | . . . Total Damage . | . . . Kills . | . . . Allies Corrupted . | . . . Allies Melted . | . . . Intel | -11 -10 -10 ------- Run | Yrd Mat Sub Robot Analysis Total 4 | . 4 . Derelict Logs Recovered 2 | . . 2 Drone Launches . | . . . Drone Recoveries . | . . . Exploration | -11 -10 -10 ------------- Run | Yrd Mat Sub Turns Passed 1405 | 116 822 467 Spaces Moved 723 | 55 429 239 Core . | . . . Treads 553 | . 397 156 Legs 87 | 55 32 . Wheels 83 | . . 83 Hover . | . . . Flight . | . . . Fastest Speed 105 | 120 120 105 Average Speed 152 | 120 159 145 Slowest Speed 240 | 120 240 240 Overloaded Moves . | . . . Propulsion Burnouts . | . . . Robots Hopped . | . . . Cave-ins Triggered . | . . . Exploration Rate (%) 32 | 4 71 22 Regions Visited 2 Branch Regions 1 Pre-discovered Areas . | . . . Known Exits Taken . | . . . Unknown Exits Taken 2 | 1 1 . Scrap Searched . | . . . Spaces Dug 1 | . 1 . Terrain Destroyed 41 | . 6 35 Melee . | . . . Projectile 3 | . 1 2 AOE 38 | . 5 33 Terrain Rammed . | . . . Walls Destroyed . | . . . Machines Disabled . | . . . Actions | -11 -10 -10 --------- Run | Yrd Mat Sub Total 900 | 92 506 302 Wait 50 | 28 7 15 Move 721 | 54 428 239 Hop . | . . . Pick Up 16 | 2 13 1 Fast Attach 6 | . 3 3 Attach 8 | . 3 5 Detach 1 | . 1 . Swap 16 | . 6 10 Drop 9 | . 9 . Fire 70 | 8 33 29 Melee . | . . . Ram . | . . . Kick . | . . . Crush 3 | . 3 . Escape Stasis . | . . . Rewire . | . . . Trap . | . . . Miscellaneous . | . . . Route ------- -11/Scrapyard -10/Materials (discovered 4 exits: [*Mat] / [*Min x2] / [*Sub]) -10/Subcaves (discovered 1 exit: [*Rec]) History --------- Turn | Location | Event 1 | -11/Scrapyard | Discovered new exit (range 2) 117 | -11/Scrapyard | Entered Materials 316 | -10/Materials | Build established: Mutant 481 | -10/Materials | Discovered new exit (range 5) 659 | -10/Materials | Discovered new exit (range 15) 726 | -10/Materials | Discovered new exit (range 10) 930 | -10/Materials | Discovered new exit (range 7) 939 | -10/Materials | Entered Subcaves 976 | -10/Subcaves | Ambushed by Subdweller buried in earth 1042 | -10/Subcaves | Discovered new exit (range 13) 1256 | -10/Subcaves | Core integrity fell below 50% 1392 | -10/Subcaves | Learned Materials interactive machine intel 1403 | -10/Subcaves | Core integrity fell below 20% 1406 | -10/Subcaves | Destroyed by XN-JKL(R) with Subdweller Shrapnel Launcher Last Messages --------------- 01276_ ZK-O99(R) destroyed. 01294_ Acquired 1 matter. 01295_ Acquired 2 matter. 01296_ Acquired 4 matter. 01298_ Acquired 8 matter. 01300_ Acquired 4 matter. 01325_ Lgt. Cannon destroyed. 01336_ 6V-NLY(R) destroyed. 01343_ Acquired Sub. Power Source. 01347_ Acquired Sub. Monowheel. 01348_ Acquired 11 matter. 01350_ Acquired 5 matter. 01351_ Acquired 8 matter. 01354_ Acquired 3 matter. 01355_ Subatomizers dissect the Sub. Optics, destroying it. 01392_ Acquired derelict log, extracted data. Data stored: Materials interactive machine intel. 01405_ Seismic Detector destroyed. 01406_ Lgt. Cannon destroyed. 01406_ Grenade Launcher destroyed. Map ----- +----------------------------------------------------+ | ?????????????????????????????????????????????????? | | ?????????????????????????????????????????????????? | | ?????????????????????????????????????????????????? | | ?????????????????????????????????????????????????? | | ?????????????????????????????????????????????????? | | ?????????????????????????????????????????????????? | | ?????????????????????????????????????????????????? | | ?????????????????????????????????????????????????? | | ?????????????????????????????????????????????????? | | ###??????????????????????????????????????????????? | | # #?????????????????##?#?????????????????????????? | | ????##????####??? ## ?????????????????????????? | | ???? #?### ##?# ?????????????????????????? | | #???? ## ## ????###??????????????????? | | ##???? ? ???# ###????????????????? | | ????? ?? ??# #### ????????????? | | ##???? #?? ## ???????????? | | #????# #?? ???????????? | | ###### ??# ??? ????????????? | | # # #???## ##??# ????????????? | | #???# #### #??????????????? | | ###### # #????????????????? | | # # # ## ?????????? | | ######### #?????????? | | ????????## ##; R #?????????? | | ????####### #?# @ R #?????????? | | ???######### #### #?????????? | | ??#### ### ##?# #?????????? | | ##### #### ##?# ## ##?????????? | | #### ########??# #??? ##??????????? | | #######???# #??????#???????????? | | #### ##???# ##??????????????????? | | # ###?# #???????????????????? | | ## #### ???????????????????? | | ### ### ??????????????????? | | #### #### ## ?????????????????? | | #### #### #?# ??????????????????? | | ## ##### ####??# ?????????????????? | | ############????## ?????????????????? | | ### ###?########??????# ???????????????????? | | #### ##?????????????????# ?????????????????????? | | #######?????????????????????????????????????????? | | #######?????????????????????????????????????????? | | ##?????????????????????????????????????????????? | | ##?????????????????????????????????????????????? | | ##?????????????????????????????????????????????? | | ###????????????????????????????????????????????? | | ##????????????????????????????????????????????? | | # #"????????????????????????????????????????????? | | #### ????????????????????????????????????????????? | +----------------------------------------------------+ Best States ------------- Heat Dissipation 25 Energy Generation 15 Energy Capacity 250 Matter Stores 300 Matter Capacity 300 Sight Range 16 Terrain Scan Density 10 Weapon Shielding 33 Evasion (%) 55 Recoil Reduction 2 Item Schematics ----------------- Huge Storage Unit | -10/Materials | Hacked Hcp. Storage Unit | -10/Materials | Hacked Robot Schematics ------------------ None Fabricated ------------ Nothing Alien Tech Used ----------------- None Achievements -------------- None Challenges ------------ None Game ------ Seed ThermalModifiedPower Manual? 0 Play Time 00:15:19 Cumulative 153.5 hours Start 2024.08.24 @ 13:56:24 End 2024.08.24 @ 19:34:44 Sessions 2 Manual Loads 0 Difficulty Rogue Special Mode None Game No. 77 Rogue 75 Adventurer 0 Explorer 2 Win Type - Total 9 Types 9/0/0/0/0/0/0/0/0 Lore% 54 Gallery% 69 Achievement% 57 Wizard Run 0 Options --------- Layout 0 ASCII 0 Keyboard 1 Movement Numpad Keybinds 0 Fullscreen 1 Font 24/Smallcaps Map View 76x50 Zoom Use 0% Tactical HUD 1 Map Filters NONE Filters NONE Steam 1 RUN: d58ab149-6a3f-4d16-acdb-fef8b1e9dfd7